Map: Acid Plant LE

Players

LiquidTLO (TLO)

  • Race: Zerg Zerg
  • Spawn Location: 11:00

Elazer - Winner!

  • Race: Zerg Zerg
  • Spawn Location: 5:00

Event: WCS Austin 2018

VOD

Have the link to the VOD?

Description

Time

  • Played on: June 2, 2018, 7:23 p.m.
  • Length: 8:37

All games in this series

Show
View Real Time Build Order
Export as new Build Order

LiquidTLO Zerg 

Build Orders: Hatch First 

Get SALT Encoding   

  12  0:01  Drone  
  13  0:08  Drone  
  14  0:16  Overlord  
  14  0:34  Drone  
  15  0:35  Drone  
  16  0:48  Hatchery  
  15  0:51  Drone  
  15  0:56  Drone  
  17  0:59  Drone  
  18  1:05  Extractor  
  17  1:16  Spawning Pool  
  17  1:18  Drone  
  17  1:21  Drone  
  18  1:28  Drone  
  20  1:40  Drone  
  20  1:50  Drone  
  21  2:00  Overlord  
  21  2:02  Queen x2  
  21  2:03  Drone  
  26  2:08  Metabolic Boost  
  26  2:14  Drone  
  28  2:15  Drone  
  28  2:22  Drone x2  
  30  2:35  Zergling x4  
  32  2:42  Hatchery  
  31  2:45  Overlord  
  31  2:52  Baneling Nest, Drone  
  31  2:55  Drone  
  32  3:03  Zergling x2  
  32  3:04  Drone  
  34  3:07  Drone  
  36  3:12  Zergling x2  
  36  3:13  Drone  
  36  3:14  Drone x3  
  36  3:16  Zergling x2  
  41  3:21  Drone  
  41  3:25  Queen  
  44  3:29  Overlord  
  44  3:36  Evolution Chamber, Extractor  
  44  3:37  Drone  
  44  3:39  Drone  
  44  3:40  Baneling x2  
  44  3:44  Overlord  
  44  3:47  Drone  
  45  3:49  Drone x3  
  45  3:53  Drone x2  
  49  3:55  Drone  
  49  3:58  Drone  
  49  4:00  Drone  
  49  4:02  Zerg Missile Weapons Level 1  
  52  4:06  Zergling x2  
  52  4:07  Zergling x2  
  52  4:09  Drone  
  55  4:10  Drone  
  55  4:15  Overlord  
  56  4:17  Drone x2  
  56  4:19  Drone x2  
  56  4:23  Drone  
  58  4:27  Zergling x2  
  58  4:29  Baneling x2  
  58  4:30  Lair  
  59  4:32  Drone x4  
  59  4:38  Zergling x2, Extractor  
  63  4:44  Drone, Roach Warren  
  63  4:45  Drone  
  64  4:46  Drone  
  64  4:48  Zergling x2  
  66  4:55  Overlord  
  66  4:56  Extractor x2  
  66  4:57  Overlord  
  64  5:01  Zergling x2  
  64  5:02  Overlord  
  64  5:03  Drone  
  64  5:05  Drone x3  
  64  5:06  Drone  
  69  5:08  Overlord  
  68  5:14  Drone x2  
  68  5:18  Drone x2  
  71  5:26  Drone  
  71  5:27  Drone x2  
  71  5:28  Glial Reconstitution  
  74  5:29  Roach  
  74  5:30  Pneumatized Carapace, Overseer  
  74  5:31  Roach  
  76  5:36  Roach x2  
  76  5:40  Roach  
  76  5:41  Overlord  
  76  5:42  Roach  
  84  5:43  Roach  
  84  5:48  Overlord  
  84  5:49  Roach x2  
  90  5:50  Roach x2  
  90  5:52  Overlord  
  90  5:54  Roach  
  90  5:55  Drone  
  97  5:58  Zerg Missile Weapons Level 2  
  97  6:01  Roach  
  97  6:03  Roach  
  101  6:04  Roach  
  101  6:06  Overlord  
  101  6:08  Roach  
  104  6:11  Roach  
  104  6:13  Roach x2  
  104  6:15  Roach  
  112  6:22  Hatchery  
  110  6:26  Roach  
  110  6:27  Roach  
  110  6:29  Roach  
  110  6:31  Roach  
  110  6:32  Roach  
  117  6:35  Roach  
  117  6:36  Roach  
  110  6:40  Roach  
  110  6:41  Roach  
  110  6:45  Roach  
  114  6:47  Roach  
  114  6:50  Roach  
  114  6:51  Roach  
  120  6:55  Roach, Drone  
  120  6:57  Drone  
  120  7:01  Overlord  
  124  7:02  Roach  
  124  7:04  Overlord  
  124  7:07  Overlord  
  126  7:09  Overlord, Hydralisk Den  
  126  7:11  Overlord, Extractor  
  126  7:13  Queen  
  126  7:16  Overlord  
  126  7:21  Roach x3  
  130  7:23  Queen  
  130  7:25  Roach  
  130  7:29  Roach  
  136  7:31  Roach  
  136  7:32  Roach  
  136  7:33  Spore Crawler  
  136  7:34  Spore Crawler  
  136  7:36  Roach  
  126  7:37  Roach  
  126  7:39  Roach  
  126  7:42  Roach  
  126  7:43  Roach  
  120  7:46  Roach  
  120  7:48  Hydralisk  
  115  7:52  Hydralisk  
  115  7:54  Hydralisk  
  115  7:58  Hydralisk  
  108  8:01  Hydralisk  
  108  8:04  Hydralisk  
  107  8:06  Drone  
Show
View Real Time Build Order
Export as new Build Order

Elazer Zerg - Winner!

Build Orders: Hatch First 

Get SALT Encoding   

  12  0:00  Drone  
  13  0:12  Overlord  
  13  0:17  Drone  
  14  0:30  Drone x2  
  16  0:48  Hatchery  
  15  0:51  Drone  
  15  0:55  Drone  
  17  0:58  Drone  
  18  1:08  Extractor  
  17  1:13  Spawning Pool  
  17  1:16  Drone  
  17  1:20  Drone  
  18  1:28  Drone  
  19  1:38  Drone  
  20  1:50  Overlord  
  20  1:59  Queen x2  
  20  2:00  Drone x2  
  26  2:09  Metabolic Boost  
  26  2:11  Drone  
  26  2:12  Zergling x2  
  28  2:21  Drone  
  28  2:22  Drone  
  30  2:32  Drone x2  
  32  2:40  Hatchery  
  31  2:44  Baneling Nest  
  31  2:48  Overlord  
  31  2:50  Drone  
  31  2:54  Drone  
  31  2:55  Drone  
  33  3:07  Zergling x4  
  33  3:08  Drone  
  33  3:10  Drone  
  33  3:11  Drone  
  38  3:14  Zergling x2  
  38  3:16  Overlord  
  38  3:18  Drone  
  38  3:19  Drone x2  
  42  3:30  Drone x2  
  42  3:34  Baneling x2  
  44  3:38  Queen  
  44  3:40  Drone x3  
  48  3:44  Overlord  
  48  3:47  Evolution Chamber, Drone  
  48  3:48  Drone x2  
  49  3:55  Overlord  
  50  3:56  Drone x2  
  52  4:03  Baneling  
  52  4:06  Zergling x4  
  52  4:08  Zergling x2  
  52  4:09  Queen  
  55  4:14  Overlord, Zerg Missile Weapons Level 1  
  55  4:15  Drone x2  
  59  4:19  Drone x2  
  59  4:20  Drone  
  59  4:23  Drone  
  61  4:24  Drone x2  
  61  4:28  Drone  
  64  4:32  Drone  
  64  4:37  Lair, Extractor  
  64  4:38  Overlord, Extractor  
  63  4:40  Drone  
  63  4:41  Drone  
  63  4:45  Drone x6  
  71  4:48  Drone  
  72  4:54  Overlord, Roach Warren  
  72  4:55  Extractor x2  
  72  4:59  Drone x2  
  71  5:02  Drone x2  
  71  5:05  Overlord  
  72  5:07  Overlord  
  72  5:09  Drone  
  72  5:12  Drone  
  74  5:15  Overlord  
  74  5:17  Drone x3  
  74  5:19  Drone  
  78  5:26  Hatchery  
  78  5:27  Overlord  
  76  5:36  Roach  
  76  5:37  Roach x5, Glial Reconstitution  
  76  5:42  Drone x3, Extractor  
  90  5:46  Spire  
  90  5:49  Overlord  
  89  5:51  Roach x3  
  89  5:54  Roach x2  
  99  6:00  Roach x4  
  99  6:03  Overlord  
  107  6:08  Roach  
  109  6:13  Overlord  
  109  6:16  Roach x3  
  115  6:21  Roach x3  
  115  6:22  Roach  
  122  6:28  Overlord  
  122  6:29  Roach  
  121  6:35  Roach  
  121  6:36  Roach x4  
  122  6:40  Roach x4  
  130  6:48  Roach x3  
  136  6:58  Mutalisk x2  
  136  6:59  Mutalisk  
  142  7:09  Drone x4  
  142  7:10  Drone x2  
  142  7:11  Roach  
  142  7:12  Roach  
  142  7:14  Overlord  
  152  7:16  Roach x5  
  152  7:18  Mutalisk  
  164  7:24  Mutalisk, Extractor  
  164  7:29  Extractor  
  164  7:32  Hydralisk Den  
  149  7:37  Roach x5  
  153  7:51  Roach x9  
  161  7:54  Roach x2  
  151  7:59  Roach x3  
  151  8:05  Roach x5  
Tags
 
Add a new tag
Caveats
  • Supply blocks, unpowered buildings, or Contaminate may cause inaccurate times.
  • Supply counts are checked every 10 seconds.